 Dungeon Crawl Stone Soup version 0.17.0-28-g6e173f8 (webtiles) character file.

154 coffecat the Covert (level 5, -2/26 HPs)
             Began as a Spriggan Assassin on Nov 26, 2015.
             Was an Initiate of Zin.
             Slain by Natasha (3 damage)
             ... on level 3 of the Dungeon.
             The game lasted 00:08:44 (602 turns).

coffecat the Covert (Spriggan Assassin)              Turns: 602, Time: 00:08:45

Health: -2/26      AC:  3    Str:  7    XL:     5   Next: 13%
Magic:  6/6        EV: 17    Int: 13    God:    Zin [......]
Gold:   4          SH:  0    Dex: 18    Spells: 0 memorised, 4 levels left

rFire  . . .     SeeInvis +     a - +2 dagger
rCold  . . .     Clarity  .     c - +0 robe
rNeg   . . .     SustAt   .     (shield restricted)
rPois  .         Gourm    .     (helmet restricted)
rElec  .         Spirit   .     d - +0 cloak
rCorr  .         Warding  .     (gloves unavailable)
rMut   +         Stasis   .     (boots unavailable)
MR     .....                    j - amulet of resist mutation
Stlth  +++++.....               (no ring)
                                (no ring)

@: very quick, not resistant to hostile enchantments, quite stealthy
A: unfitting armour, see invisible, herbivore 3, speed 3, slow metabolism 2
a: Donate Gold, Renounce Religion


You were on level 3 of the Dungeon.
You worshipped Zin.
Zin was noncommittal.
You were not hungry.

You visited 1 branch of the dungeon, and saw 4 of its levels.

You collected 26 gold pieces.
You donated 22 gold pieces to Zin.

Inventory:

Hand Weapons
 a - a +2 dagger (weapon)
 b - a +0 blowgun
Missiles
 e - 8 poisoned needles
 f - 2 curare-tipped needles
 k - 35 arrows
Armour
 c - a +0 robe (worn)
 d - a +0 cloak (worn)
Jewellery
 j - an amulet of resist mutation (around neck)
Scrolls
 h - 2 scrolls of identify {unknown}
 l - a scroll of teleportation {unknown}
Comestibles
 g - 2 bread rations
 i - a slice of pizza


   Skills:
 + Level 2.2 Fighting
 + Level 2.6 Short Blades
 + Level 2.3 Throwing
 + Level 2.0 Dodging
 + Level 8.7 Stealth


You had 4 spell levels left.
You didn't know any spells.

Dungeon Overview and Level Annotations

Branches:
Dungeon (4/15)
 Temple: D:4-7

Altars:
Zin

Annotations:
D:3 Natasha


Innate Abilities, Weirdness & Mutations

You are tiny and cannot use many weapons and most armour.
You have supernaturally acute eyesight.
You are a herbivore.
You cover ground extremely quickly.
You need consume almost no food.


Message History

The helpless orc fails to defend itself.
You spit the orc like a pig!!!
You kill the orc!
You see here a dagger.
Natasha mumbles some strange words.
Natasha glows brightly for a moment.
Natasha stares at you and mumbles some strange words.
The magic dart hits you!
* * * LOW HITPOINT WARNING * * *
Natasha growls.
Natasha barely misses you.
You hit Natasha.
Natasha is moderately wounded.
Natasha claws you.
* * * LOW HITPOINT WARNING * * *
Natasha mumbles some strange words.
A rat comes into view.
A bat comes into view.
Natasha claws you.
You die...

#................#
#...............## .
#...............## ..
#................. ...
#................. ....
#............).... ...!.
#....5............
.b....#.h...............
r......@...###..........
............###...#####.
..................# #.
........................
........................
................ ....
.........###.#. ....
.......... .# ###+


You could see an iron imp, Natasha, a bat (sleeping) and a rat (sleeping).

Vanquished Creatures
  An ice beast (D:4)
  Ijyb (D:2)
  A worker ant (D:4)
  A worm (D:4)
  An orc (D:3)
  A bat (D:2)
  A giant cockroach (D:4)
  A ball python (D:2)
  A rat (D:1)
9 creatures vanquished.

Notes
Turn   | Place    | Note
--------------------------------------------------------------
     0 | D:1      | coffecat the Spriggan Assassin began the quest for the Orb.
     0 | D:1      | Reached XP level 1. HP: 10/10 MP: 2/2
   118 | D:2      | Reached skill level 6 in Stealth
   128 | D:2      | Noticed Ijyb
   130 | D:2      | Killed Ijyb
   130 | D:2      | Reached skill level 7 in Stealth
   130 | D:2      | Reached XP level 2. HP: 10/15 MP: 3/3
   130 | D:2      | Reached XP level 3. HP: 12/18 MP: 4/4
   247 | D:3      | Found a glowing silver altar of Zin.
   251 | D:3      | Became a worshipper of Zin the Law-Giver
   274 | D:3      | Donated 11 gold pieces to Zin
   275 | D:3      | Donated 5 gold pieces to Zin
   276 | D:3      | Donated 3 gold pieces to Zin
   277 | D:3      | Donated 1 gold piece to Zin
   407 | D:4      | Noticed an ice beast
   413 | D:4      | Killed an ice beast
   413 | D:4      | Reached skill level 8 in Stealth
   413 | D:4      | Reached XP level 4. HP: 23/23 MP: 5/5
   452 | D:4      | Reached XP level 5. HP: 26/26 MP: 6/6
   548 | D:3      | Noticed Natasha
   597 | D:3      | HP: 1/26 [Natasha (6)]
   602 | D:3      | Slain by Natasha

Action                   |  1- 3 |  4- 6 || total
-------------------------+-------+-------++-------
Melee: Dagger            |     7 |     7 ||    14
 Fire: Blowgun           |     1 |       ||     1
Invok: Donate Gold       |     4 |       ||     4
 Stab: Sleeping          |     3 |     4 ||     7
